 Dungeon Sprint DCSS version 0.22.1-1-ga44c0e56f4 (webtiles) character file.

10412 MuseOD the Unseen (level 11, -8/69 HPs)
             Began as a Spriggan Enchanter on Sept 27, 2018.
             Was the Champion of Dithmenos.
             Mangled by an anaconda (18 damage)
             ... in the Dungeon (Sprint III: "The Ten Rune Challenge").
             The game lasted 00:05:37 (2390 turns).

MuseOD the Unseen (Spriggan Enchanter)              Turns: 2390, Time: 00:05:38

Health: -8/69      AC:  2    Str:  6    XL:     11   Next: 35%
Magic:  19/29      EV: 18    Int: 21    God:    Dithmenos [******]
Gold:   27         SH:  0    Dex: 16    Spells: 28/37 levels left

rFire    + . .     SeeInvis +   a - +1 dagger
rCold    . . .     Gourm    .   (shield restricted)
rNeg     . . .     Faith    .   b - +0 robe
rPois    .         Spirit   .   (helmet restricted)
rElec    .         Reflect  .   (no cloak)
rCorr    .         Harm     .   (gloves unavailable)
MR       +....     NoTele   +   (boots unavailable)
Stlth    ++++++++++             (no amulet)
HPRegen  0.21/turn              (no ring)
MPRegen  0.21/turn              (no ring)

@: wreathed by umbra, very quick
A: very small, unfitting armour, fangs 1, see invisible, fire resistance 1,
herbivore, speed 3, robust 1, slow metabolism 2, strong 1
a: Shadow Step, Shadow Form, Renounce Religion


You were in the Dungeon.
You worshipped Dithmenos.
Dithmenos was exalted by your worship.
You were hungry.

You visited 1 branch You collected 27 gold pieces.

Inventory:

Hand Weapons
 a - a +1 dagger (weapon)
Armour
 b - a +0 robe (worn)
Wands
 o - a wand of paralysis (16)
Scrolls
 c - a scroll of holy word {unknown}
 i - 3 scrolls of identify
 j - a scroll of blinking
 k - 4 scrolls of remove curse
 m - a scroll of immolation {unknown}
Potions
 f - 2 potions of heal wounds
 g - a potion of haste
 h - 2 potions of magic
 l - 4 potions of flight
 n - 2 potions of mutation
 p - a potion of might
 q - 2 potions of lignification {unknown}
Comestibles
 d - 4 rations


   Skills:
 + Level 10.1 Fighting
 * Level 17.1 Short Blades
 - Level 3.0 Dodging
 + Level 17.5 Stealth
 + Level 13.5 Spellcasting
 + Level 13.7 Hexes


You had 28 spell levels left.
You knew the following spells:

 Your Spells              Type           Power        Failure   Level  Hunger
a - Corona                Hex            ######.      0%          1    None
b - Ensorcelled Hibernat  Hex/Ice        #####.       1%          2    None
c - Confuse               Hex            ######..     1%          3    None
d - Dazzling Spray        Conj/Hex       #####.       1%          3    None

Your spell library contained the following spells:

 Spells                   Type           Power        Failure   Level  Hunger
 Confusing Touch          Hex            ######       0%          1    None
 Tukima's Dance           Hex            ######..     1%          3    None
 Animate Skeleton         Necr           N/A          4%          1    None
 Apportation              Tloc           ##....       4%          1    None
 Summon Small Mammal      Summ           ##..         4%          1    None


Dungeon Overview and Level Annotations

Branches:
Dungeon (1/1)

Altars:
Dithmenos
Elyvilon
Fedhas
Kikubaaqudgha
Okawaru
Ru
Sif Muna
Trog
Uskayaw
Vehumet
Wu Jian
Yredelemnul
Zin
The Shining One
Beogh


Innate Abilities, Weirdness & Mutations

You are very small and have problems with some larger weapons.
You are too small for most types of armour.
You have supernaturally acute eyesight. (SInv)
You are a herbivore.
You cover ground extremely quickly.
You need to consume almost no food.
You have very sharp teeth.
Your flesh is heat resistant. (rF+)
You are robust. (+10% HP)
Your muscles are strong. (Str +2)


Message History

The anaconda constricts you. The anaconda closely misses you.
* * * LOW HITPOINT WARNING * * *
The anaconda constricts you.
The helpless anaconda fails to defend itself.
You skewer the anaconda like a kebab!!!!!
You kill the anaconda!
Dithmenos accepts your kill.
Your Short Blades skill increases to level 17!
The anaconda loses its grip on you.
There isn't anything here!
You close the door.
The anaconda closely misses you.
The anaconda bites you but does no damage.
Casting: Ensorcelled Hibernation (safe; 1% risk of failure)
Confirm with . or Enter, or press ? or * to list all spells.
Aiming: Ensorcelled Hibernation (safe; 1% risk of failure)
Press: ? - help, Shift-Dir - straight line, f - anaconda
Aim: an anaconda (umbra, chance to defeat MR: 50%)
The anaconda resists with some effort.
The anaconda misses you. x2
The anaconda barely misses you. The anaconda bites you!!
You die...

#.÷♣♣ ♣♣♣##'#
###'♣♣♣♣♣♣♣♣♣♣♣♣♣♣♣ #...
♣♣♣♣.##..##≈≈≈≈≈≈..# #...
♣...##.##.#≈≈≈≈≈...# #).)
♣♣.##.##†##'≈≈≈≈≈####+####
♣..#.##...#≈≈...§§.§§
♣♣.##.##.)#≈..+######
♣♣.##.#####...#....ii
♣.....##@S....# ♣♣%_i .
########+######## #
#SS.S.S.S. #S.......S
##########


You could see an anaconda.

Vanquished Creatures
  Harold (D)
  Erolcha (D)
  2 hydras (D)
  An anaconda (D)
  Urug (D)
  A death drake (D)
  A lindwurm (D)
  Joseph (D)
  A deep elf mage (D)
  2 spiny frogs (D)
  A komodo dragon (D)
  3 wandering mushrooms (D)
  2 tyrant leeches (D)
  A shadow (D)
  5 redbacks (D)
  A water moccasin (D)
  A necrophage (D)
  5 two-headed ogres (D)
  A water elemental (D)
  An electric eel (D)
  A jelly (D)
  A wizard (D)
  Jessica (D)
  A necromancer (D)
  3 humans (D)
  A kobold demonologist (D)
  An adder (D)
  An ooze (D)
  A phantom (D)
  A rat (D)
45 creatures vanquished.

Vanquished Creatures (others)
  2 draconian scorchers (D)
  6 hellions (D)
  2 yaktaurs (D)
10 creatures vanquished.

Grand Total: 55 creatures vanquished

Notes
Turn   | Place    | Note
-------+----------+-------------------------------------------
     0 | D        | MuseOD the Spriggan Enchanter began the quest for the Orb.
     0 | D        | Reached XP level 1. HP: 9/9 MP: 5/5
     5 | D        | Reached skill level 1 in Fighting
     5 | D        | Reached skill level 5 in Stealth
    23 | D        | Killed a yaktaur
    58 | D        | Noticed Jessica
    64 | D        | Killed Jessica
    64 | D        | Reached XP level 2. HP: 2/15 MP: 6/6
    64 | D        | Reached XP level 3. HP: 3/18 MP: 8/8
    77 | D        | Learned a level 2 spell: Ensorcelled Hibernation
    81 | D        | Learned a level 3 spell: Confuse
    85 | D        | Killed a hellion
    94 | D        | Killed a hellion
    97 | D        | Killed a yaktaur
   116 | D        | Killed a hellion
   117 | D        | Killed a hellion
   118 | D        | Killed a hellion
   126 | D        | Killed a hellion
   212 | D        | Killed a white draconian scorcher
   256 | D        | Reached skill level 5 in Short Blades
   261 | D        | Killed a white draconian scorcher
   490 | D        | Gained mutation: Your muscles are strong. (Str +2) [potion
                  | of mutation]
   490 | D        | Gained mutation: Your spells are a little harder to cast,
                  | but a little more powerful. [potion of mutation]
   491 | D        | Lost mutation: Your muscles are strong. (Str +2) [potion of
                  | mutation]
   491 | D        | Lost mutation: Your spells are a little harder to cast, but
                  | a little more powerful. [potion of mutation]
   491 | D        | Gained mutation: You are clumsy. (Dex -2) [potion of
                  | mutation]
   491 | D        | Gained mutation: You are partially covered in iridescent
                  | scales. (AC +2) [potion of mutation]
   492 | D        | Lost mutation: You are clumsy. (Dex -2) [potion of
                  | mutation]
   492 | D        | Lost mutation: You are partially covered in iridescent
                  | scales. (AC +2) [potion of mutation]
   492 | D        | Gained mutation: You are somewhat resistant to further
                  | mutation. [potion of mutation]
   492 | D        | Gained mutation: You have very sharp teeth. [potion of
                  | mutation]
   492 | D        | Gained mutation: You have a pair of small antennae on your
                  | head. [potion of mutation]
   493 | D        | Lost mutation: You have a pair of small antennae on your
                  | head. [potion of mutation]
   493 | D        | Lost mutation: You are somewhat resistant to further
                  | mutation. [potion of mutation]
   493 | D        | Gained mutation: Your muscles are strong. (Str +2) [potion
                  | of mutation]
   493 | D        | Gained mutation: Your flesh is heat resistant. (rF+)
                  | [potion of mutation]
   493 | D        | Gained mutation: You are robust. (+10% HP) [potion of
                  | mutation]
   603 | D        | Noticed a water elemental
   606 | D        | Killed a water elemental
   606 | D        | Reached XP level 4. HP: 26/26 MP: 9/11
   608 | D        | Found a glowing silver altar of Zin.
   609 | D        | Found a glowing golden altar of the Shining One.
   609 | D        | Found a white marble altar of Elyvilon.
   609 | D        | Noticed a deep elf mage
   611 | D        | Killed a deep elf mage
   611 | D        | Reached skill level 5 in Fighting
   611 | D        | Reached skill level 10 in Stealth
   611 | D        | Reached XP level 5. HP: 33/33 MP: 9/15
   611 | D        | Reached XP level 6. HP: 38/38 MP: 10/17
   616 | D        | Learned a level 3 spell: Dazzling Spray
   622 | D        | Found a basalt altar of Yredelemnul.
   622 | D        | Found a shadowy altar of Dithmenos.
   622 | D        | Found a sacrificial altar of Ru.
   626 | D        | Reached skill level 10 in Short Blades
   626 | D        | Reached XP level 7. HP: 37/42 MP: 4/18
   633 | D        | Became a worshipper of Dithmenos the Shadowed
   744 | D        | Found a hide-covered altar of Uskayaw.
   744 | D        | Found a roughly hewn altar of Beogh.
   744 | D        | Found an iron altar of Okawaru.
   744 | D        | Found a bloodstained altar of Trog.
   744 | D        | Found an ornate altar of the Wu Jian Council.
   744 | D        | Noticed a human
   745 | D        | Noticed a human
   747 | D        | Killed a human
   767 | D        | Killed a human
   830 | D        | Found a radiant altar of Vehumet.
   830 | D        | Found a deep blue altar of Sif Muna.
   830 | D        | Found an ancient bone altar of Kikubaaqudgha.
   833 | D        | Reached * piety under Dithmenos
   882 | D        | Noticed a shadow
   884 | D        | Killed a shadow
   884 | D        | Reached XP level 8. HP: 48/48 MP: 21/21
   888 | D        | Reached ** piety under Dithmenos
  1015 | D        | Noticed a two-headed ogre
  1023 | D        | Killed a two-headed ogre
  1023 | D        | Reached *** piety under Dithmenos
  1036 | D        | Noticed Erolcha
  1037 | D        | Noticed a two-headed ogre
  1056 | D        | Killed Erolcha
  1056 | D        | Reached skill level 10 in Spellcasting
  1056 | D        | Reached skill level 10 in Hexes
  1056 | D        | Reached XP level 9. HP: 17/55 MP: 9/24
  1079 | D        | Killed a two-headed ogre
  1205 | D        | Reached **** piety under Dithmenos
  1348 | D        | Noticed Harold
  1349 | D        | Noticed Joseph
  1353 | D        | Killed Harold
  1353 | D        | Reached skill level 15 in Stealth
  1353 | D        | Reached XP level 10. HP: 62/62 MP: 24/26
  1354 | D        | Killed Joseph
  1367 | D        | Noticed a yaktaur captain
  1617 | D        | Reached skill level 15 in Short Blades
  1642 | D        | Reached ***** piety under Dithmenos
  1790 | D        | Noticed a spiny frog
  1790 | D        | Noticed a spiny frog
  1795 | D        | Killed a spiny frog
  1799 | D        | Killed a spiny frog
  2124 | D        | Noticed a lindwurm
  2133 | D        | Killed a lindwurm
  2205 | D        | Reached ****** piety under Dithmenos
  2206 | D        | Noticed Urug
  2209 | D        | Killed Urug
  2209 | D        | Reached XP level 11. HP: 56/68 MP: 28/28
  2267 | D        | Noticed a four-headed hydra
  2267 | D        | Noticed a five-headed hydra
  2277 | D        | Noticed a death drake
  2281 | D        | Killed a death drake
  2290 | D        | Killed a five-headed hydra
  2296 | D        | Killed a four-headed hydra
  2304 | D        | Found a blossoming altar of Fedhas.
  2304 | D        | Noticed a spriggan druid
  2375 | D        | Noticed an anaconda
  2375 | D        | Noticed an anaconda
  2375 | D        | Noticed an anaconda
  2377 | D        | Reached skill level 10 in Fighting
  2378 | D        | Noticed an anaconda
  2388 | D        | Killed an anaconda
  2390 | D        | Mangled by an anaconda

Skill      XL: |  1  2  3  4  5  6  7  8  9 10 11 |
---------------+----------------------------------+-----
Fighting       | 2 3 5 6 7 8 9 10 | 10.1
Short Blades   | 4 6 9 10 11 13 14 16 17 | 17.1
Stealth        | 6 7 10 12 13 15 16 17 | 17.5
Spellcasting   | 4 7 8 10 11 12 13 | 13.5
Hexes          | 4 7 9 10 11 13 | 13.7
Dodging        | |  3.0

Action                   |  1- 3 |  4- 6 |  7- 9 | 10-12 || total
-------------------------+-------+-------+-------+-------++-------
Melee: Dagger            |    23 |     2 |    37 |    44 ||   106
       Bite              |       |       |     2 |     3 ||     5
 Cast: Confuse           |     7 |     1 |    13 |    16 ||    37
       Ensorcelled Hiber |       |     1 |     8 |     9 ||    18
       Dazzling Spray    |       |     1 |     2 |     1 ||     4
  Use: Potion            |     5 |       |       |     1 ||     6
 Stab: Sleeping          |     3 |     1 |     8 |    13 ||    25
       Confused          |     1 |       |     5 |     8 ||    14
       Invisible         |       |     1 |     3 |       ||     4
Armor: Robe              |       |       |       |     1 ||     1
Dodge: Dodged            |    12 |     1 |    20 |    29 ||    62
